← All builds
Tech / Armada / Economy first / OBSERVED BUILD

Nuke rush

After the usual T2 rush, Tech commits early to an Armageddon nuke silo from around 10:24, well ahead of the norm, aiming it at the enemy base while still supplying T2 to the team.

Usually first T2 con to Geo (80%)

#nuke #t2 #team support · 99 distinct matches · 37 players · 7% of Armada Tech games · team won 66% of 100 · Recently observed

THE CATCH, AND WHAT COMES WITH IT
  • ArmageddonArmageddon from 10:24 · 7% of role by thenOnly 7% of Tech games have it by then; others who build it get it around 10:29

Where those units first fight, in 21 games with kill data: in the enemy base 95%.

HOW TO PLAY IT

Key timing: Armageddon by 10:28

  1. Open triple mex and wind into the standard fast T2 lab rush.
  2. Get the Advanced Bot Lab up on the usual quick timing.
  3. Upgrade mexes to Advanced Metal Extractor while funneling T2 cons to allies.
  4. Commit early to an Armageddon nuke silo instead of the later norm.
  5. Finish the silo and start stockpiling toward a nuke on the enemy base.

Phase by phase

TYPICAL OF ITS 99 GAMES · AGAINST STANDARD TECH
  1. 1
  2. 2
  3. 3
  4. 4
PLAY THE OPENING

Follow the example game's first 11:24 step by step: what to build now, what comes next, and where it goes. At 1× it keeps pace with your own game.

  1. 1

    Up to the Bot Lab

    Economy
    • Metal Extractor3Mex
    • Wind Turbine4Wind
    Order
    1. Bot LabBot Lab after 3 mex, 4 winddone ~1:16, middle half 1:11–1:30

    By 1:00 in all: 3 mex · 4 wind

    The example game in this phase · 3 steps
    1. Mex ×3
    2. Wind ×4
    3. Bot LabBot Labdone 1:16 · typical 1:16
  2. 2

    Bot Lab to Advanced Bot Lab

    Economy
    • Metal Extractor1Mex
    • Wind Turbine8Wind
    • Energy Storage1Energy storage
    Order
    1. Advanced Bot LabAdvanced Bot Lab after 4 mex, 11 wind, 3 con turretdone ~4:14, middle half 4:02–4:24
    Builders
    • Construction Turret3 Con turret
    • Lazarus3 Lazarus
    • Construction Bot2 Con bot
    • Construction Bot1 Con bot for allies

    Some games also: converter (36%)

    By 3:14 in all: 4 mex · 11 wind · 1 energy storage · 3 con turret

    The example game in this phase · 13 steps
    1. Construction BotCon bot
    2. LazarusLazarus
    3. Wind ×3
    4. LazarusLazarus
    5. Wind
    6. Mex
    7. Energy storage
    8. Construction BotCon bot
    9. Wind
    10. Construction BotCon botfor Air
    11. Con turret ×2
    12. Wind
    13. Advanced Bot LabAdvanced Bot Labdone 3:39 · typical 4:14
  3. 3

    Advanced Bot Lab to 5:00

    Economy
    • Wind Turbine4Wind
    Builders
    • Advanced Construction Bot1 T2 con bot for allies

    Some games also: converter (32%)

    By 5:00 in all: 4 mex · 15 wind · 2 converter · 1 energy storage · 3 con turret

    The example game in this phase · 6 steps
    1. Wind ×3
    2. Advanced Construction BotT2 con botfor Geo
    3. Advanced Metal ExtractorT2 mexdone 4:44 · typical 5:31
    4. Wind
    5. Advanced Metal ExtractorT2 mex
    6. Wind ×2
  4. 4

    5:00 to Nuke silo

    Economy
    • Wind Turbine61Wind
    • Energy Converter10Converter
    Order
    1. ArmageddonNuke silo after 76 wind, 13 converter, 5 con turretdone ~12:22, middle half 11:44–13:21
    Builders
    • Construction Turret2 Con turret
    • Butler8 Butler
    • Advanced Construction Bot3 T2 con bot for allies
    • Advanced Construction Bot1 T2 con bot

    Some games also: metal storage (44%)

    By 10:23 in all: 4 mex · 76 wind · 13 converter · 1 energy storage · 5 con turret

    The example game in this phase · 235 steps
    1. Wind
    2. Advanced Construction BotT2 con botfor Pond
    3. Wind
    4. Advanced Metal ExtractorT2 mex
    5. Wind
    6. Advanced Construction BotT2 con botfor Air
    7. Wind
    8. ButlerButler ×2
    9. Advanced Metal ExtractorT2 mex
    10. ButlerButler
    11. Wind
    12. ButlerButler ×3
    13. Advanced Construction BotT2 con botfor Geo sea
    14. Wind
    15. ButlerButler
    16. Wind
    17. ButlerButler
    18. Wind ×2
    19. ButlerButlerfor Geo sea
    20. Wind ×3
    21. ButlerButler
    22. Wind ×6
    23. ButlerButler
    24. Wind ×2
    25. ButlerButler
    26. Wind ×2
    27. ButlerButler
    28. Wind ×3
    29. ButlerButler
    30. Wind
    31. Converter
    32. Wind ×3
    33. ButlerButler
    34. Wind
    35. Converter
    36. Wind
    37. ButlerButler
    38. Wind ×2
    39. Converter
    40. Wind ×3
    41. Converter
    42. Wind ×4
    43. Converter
    44. Wind ×4
    45. Windfor Geo
    46. Wind
    47. Converter
    48. Wind ×2
    49. Windfor Geo
    50. Wind
    51. Advanced Construction BotT2 con bot
    52. Wind ×2
    53. ButlerButler
    54. Wind
    55. Converter
    56. Windfor Geo
    57. Wind ×2
    58. Windfor Geo
    59. Wind
    60. ButlerButler
    61. Wind
    62. Converter
    63. Wind ×2
    64. Converter
    65. Wind
    66. Windfor Geo
    67. Wind ×2
    68. Windfor Geo
    69. Converter
    70. Wind ×2
    71. Converter
    72. Wind
    73. Windfor Geo
    74. Wind ×3
    75. Windfor Geo
    76. Wind
    77. Converter
    78. Wind ×2
    79. Windfor Geo
    80. Wind ×4
    81. Windfor Geo
    82. Converter
    83. Wind
    84. Converter
    85. Wind
    86. Windfor Geo
    87. Wind ×3
    88. Converter
    89. Windfor Geo
    90. Wind ×2
    91. Converter
    92. Advanced Construction BotT2 con botfor Beach sea
    93. Wind
    94. Windfor Geo
    95. Wind ×2
    96. Converter
    97. Wind
    98. Windfor Geo
    99. Wind ×2
    100. Windfor Geo
    101. Converter
    102. Wind
    103. Converter
    104. Wind
    105. Windfor Geo
    106. Wind ×2
    107. Converter
    108. Wind ×3
    109. Con turret
    110. Converter
    111. Wind ×3
    112. Advanced Construction BotT2 con bot
    113. Wind
    114. Converter
    115. Wind ×7
    116. Converter
    117. Wind
    118. Con turret
    119. Converter ×2
    120. Wind ×2
    121. Converter
    122. Wind ×2
    123. ArmageddonArmageddondone 13:08 · typical 12:22
    124. Wind ×2
    125. Converter ×2
    126. Wind ×6
    127. Converter
    128. Wind ×3
    129. Converter
    130. Wind ×4
    131. Converter
    132. Wind ×5
    133. Converter
    134. Wind ×2
    135. Converter
    136. Wind ×5
    137. Converter
    138. Wind ×3
    139. Converter
    140. Wind ×4
    141. Converter
    142. Wind ×6
    143. Converter
    144. Wind ×5
    145. Converter
    146. Wind ×7
    147. Converter
    148. Wind ×7
    149. Converter
    150. Wind ×6
    151. Converter
    152. Wind ×6
    153. Converter
    154. Wind ×6
    155. Converter
    156. Wind ×7
    157. Converter
    158. Wind ×7
    159. Converter
    160. Wind ×3
    161. Converter
    162. Wind ×5
    163. Converter
    164. Wind ×40
    165. CompassRadar bot
    166. Wind ×11
    167. Converter
    168. Wind ×2
    169. Converter
    170. Wind ×4
    171. Con turret
    172. Converter
    173. Wind ×6
    174. Con turret
    175. Converter ×2
    176. Wind ×5
    177. Advanced Bot LabAdvanced Bot Labdone 13:58
    178. Wind ×2
    179. Converter
    180. Wind ×2
    181. Converter
    182. Wind ×3
    183. Converter
    184. Wind ×5
    185. Converter
    186. Wind ×3
    187. Converter
    188. Wind ×2
    189. HoundHound
    190. Wind ×4
    191. Converter
    192. HoundHound
    193. Converter
    194. Wind ×4
    195. HoundHound
    196. Wind
    197. Converter
    198. Wind ×3
    199. HoundHound
    200. Wind
    201. Converter
    202. Wind ×4
    203. Converter
    204. HoundHound
    205. Wind ×3
    206. HoundHound
    207. Wind
    208. Converter
    209. Wind ×2
    210. Converter
    211. Wind ×2
    212. HoundHound
    213. Wind ×4
    214. HoundHound
    215. Converter
    216. Wind ×2
    217. Converter
    218. Wind
    219. HoundHound
    220. Wind ×4
    221. HoundHound
    222. Converter
    223. Wind ×4
    224. SharpshooterSniper botdone 14:54
    225. Converter
    226. Wind ×3
    227. Converter
    228. Wind ×6
    229. Converter
    230. Wind
    231. Converter
    232. Wind ×2
    233. SharpshooterSniper bot
    234. Wind ×4
    235. Converter

Counts are medians over the build's games: half of them build more, half fewer. The example game is [NWP]1347's (35 OS, 11/09/2026); pick another.

Team trades

IN AT LEAST 30% OF ITS GAMES

You hand over

  • Construction Bot1 Con bot to Airfirst at 2:18 · in 83% of games
  • Advanced Construction Bot5 T2 con bot to Beach sea or Air or Geo seafirst at 4:40 · in 93% of games

You get

  • Hercules1 Light transport from Airfirst at 3:46 · in 80% of games

How it plays out

Typical game of this build against the role’s standard build, running totals by minute

  • This build
  • Standard tech

Metal produced

020k40k
0:005:0010:0015:00

metal

Enemy metal destroyed

0200400
0:005:0010:0015:00

metal

Own metal lost

0100200300
0:005:0010:0015:00

metal

100 games.

Show as table
ByMetal produced: This buildMetal produced: Standard techEnemy metal destroyed: This buildEnemy metal destroyed: Standard techOwn metal lost: This buildOwn metal lost: Standard tech
1:003833830000
2:009169150000
3:00166016380000
4:00325831510000
5:00490448630000
6:00587458090000
7:00745172320000
8:00932890840000
9:0011559112490000
10:0013960135690000
11:0018192163900000
12:0021155199340000
13:0024031236780000
14:002728527443011358130
15:00308473152573358130260
WHAT THE NUMBERS SAY

Won clearly more often than the standard build despite dealing almost no early damage, a scaling eco-and-silo play rather than a fighting one.

  • + Team win rate well above standard (63% vs 53%)
  • + Own metal lost by 15:00 much lower (130 vs 260)
  • − Enemy metal destroyed by 15:00 far below standard (90 vs 400)
  • − Silo only up, no nuke stockpiled or launched yet
THE EXAMPLE YOU ARE READING

[NWP]1347

35.4 OS · 11/09/2026

Open source match ↗

1 received units
8956 metal received · 81442 energy received

Allied construction assistance is unknown. Timings are observations, not a promise of solo reproducibility.

Typical milestones

Bot Lab1:16Middle 50%: 1:11–1:30 · n=99
Advanced Bot Lab4:14Middle 50%: 4:02–4:24 · n=98
Advanced Metal Extractor5:31Middle 50%: 5:06–6:04 · n=100
Armageddon12:22Middle 50%: 11:44–13:21 · n=73

Played most by

Crouxy13games of this buildAmrissa10games of this buildAriah9games of this buildTeaner8games of this buildPlatinumBlonde7games of this build